 Dungeon Crawl Stone Soup version 0.30.1-3-gfc49f6343a (webtiles) character file.

Game seed: 10423529142894361908

19651 Wiggles the Severer (level 12, -2/112 HPs)
             Began as a Minotaur Berserker on Aug 9, 2023.
             Was an Elder of Trog.
             Engulfed by a fire crab (shapeshifter)'s flame (21 damage)
             ... on level 13 of the Dungeon.
             The game lasted 00:20:00 (10637 turns).

Wiggles the Severer (Minotaur Berserker)           Turns: 10637, Time: 00:20:00

Health: -2/112     AC: 20    Str: 26    XL:     12   Next: 38%
Magic:  11/11      EV:  9    Int:  4    God:    Trog [****..]
Gold:   687        SH:  0    Dex: 11    Spells: 11/11 levels left

rFire   . . .        x - +4 battleaxe (heavy)
rCold   . . .        (shield currently unavailable)
rNeg    + . .        I - +5 plate armour
rPois   .            (helmet restricted)
rElec   .            (no cloak)
rCorr   .            (no gloves)
SInv    .            (no boots)
Will    +....        A - amulet of regeneration Stlth
                     f - ring of willpower
HPRegen 1.18/turn    s - ring of positive energy
MPRegen 0.12/turn

%: no passive effects
@: on berserk cooldown
A: horns 2, retaliatory headbutt
a: Renounce Religion, Berserk, Trog's Hand, Brothers in Arms


You were on level 13 of the Dungeon.
You worshipped Trog.
Trog was greatly pleased with you.
You visited 1 branch of the dungeon, and saw 13 of its levels.
You also visited: Ossuary.

You collected 827 gold pieces.
You spent 140 gold pieces at shops.

Inventory:

Hand Weapons
 x - a +4 heavy battleaxe (weapon)
Missiles
 q - 2 throwing nets (quivered)
Armour
 I - a +5 plate armour (worn)
Jewellery
 a - a ring of magical power
 b - an amulet of the acrobat
 e - a ring of magical power
 f - a ring of willpower (left hand)
 s - a ring of positive energy (right hand)
 w - a ring of magical power
 y - an amulet of reflection
 A - an amulet of regeneration (around neck)
Wands
 l - a wand of quicksilver (15)
 n - a wand of mindburst (22)
 p - a wand of polymorph (4)
 F - a wand of flame (14)
 G - a wand of digging (3)
Scrolls
 c - 6 scrolls of teleportation
 g - 3 scrolls of magic mapping
 t - 3 scrolls of amnesia
 C - 2 scrolls of identify
 D - 2 scrolls of blinking
Potions
 h - a potion of ambrosia
 i - a potion of attraction
 j - 6 potions of curing
 k - 5 potions of haste
 o - 2 potions of invisibility
 r - 2 potions of flight
 u - 2 potions of lignification
 v - 4 potions of might
 z - a potion of berserk rage
 B - 2 potions of mutation
 E - 2 potions of cancellation


   Skills:
 + Level 12.2 Fighting
 + Level 17.1 Axes
 + Level 12.2 Armour
 + Level 5.3 Dodging
 + Level 2.0 Stealth
 + Level 0.2 Shields


You had 11 spell levels left.
You didn't know any spells.
Your spell library was empty.

Dungeon Overview and Level Annotations

Branches:
Dungeon (13/15)            Temple (0/1) D:5            Lair (0/5) D:9
    Orc (0/2) D:11        Ossuary (visited)
 Vaults: D:13-14

Altars:
Ashenzari
Cheibriados
Dithmenos
Elyvilon
Makhleb
Nemelex Xobeh
Okawaru
Qazlal
Ru
Uskayaw
Vehumet
The Shining One

Shops:
D:1 !   D:7 *   D:12 (

Annotations:
D:9 1 transporter


Innate Abilities, Weirdness & Mutations

You have a pair of horns on your head.
You reflexively headbutt those who attack you in melee.


Message History

The centaur warrior hits you but does no damage.
The centaur warrior kicks you but does no damage.
You barely miss the centaur warrior.
The centaur warrior is heavily wounded.
The centaur warrior hits you but does no damage.
The centaur warrior kicks you but does no damage.
The centaur warrior hits you. The centaur warrior barely misses you.
The centaur warrior hits you.
The centaur warrior kicks you but does no damage.
You slice the centaur warrior like a ripe choko!!!
You kill the centaur warrior!
Trog accepts your kill.
A fire crab comes into view.
The fire crab moves out of view.
You see here a +0 shortbow.
The fire crab breathes flames at you. The blast of flame misses you.
You are engulfed in blazing flames.
* * * LOW HITPOINT WARNING * * *
The fire crab breathes flames at you.
The blast of flame engulfs you but does no damage.
The fire crab bites you.
* * * LOW HITPOINT WARNING * * *
You are engulfed in flames!
* * * LOW HITPOINT WARNING * * *
The fire crab claws you but does no damage.
You barely miss the fire crab. Your headbutt misses the fire crab.
You feel yourself speed up.
The fire crab bites you but does no damage.
The fire crab claws you.
* * * LOW HITPOINT WARNING * * *
You are engulfed in flames!
* * * LOW HITPOINT WARNING * * *
You feel much better. The fire crab breathes flames at you.
The blast of flame engulfs you but does no damage.
You hit the fire crab.
The fire crab is lightly wounded.
You are engulfed in blazing flames.
You die...

.. ##.#. .. ..#.# .#
....# ......# .#.#.#
....# ###○..# ####
##○t○..# ..###○○@○..#
##.##..#○○..# #
#..#..#.....# #.#
###.#..##[#...#
#...###.....###†..#.#
.....<...).## #...#.#
.....####### #..#..#
.#.## ...#.## #
.......


You could see a fire crab.

Vanquished Creatures
  Harold (D:9)
  Erolcha (D:11)
  2 two-headed ogres
  A centaur warrior (D:13)
  A boulder beetle (D:8)
  3 skeletal warriors (D:12)
  Amaemon (D:9)
  Pikel (D:4)
  2 deep elf pyromancers
  An ugly thing (D:12)
  2 manticores
  A salamander (shapeshifter) (D:8)
  Joseph (D:9)
  An orange demon (D:9)
  A rime drake (D:9)
  2 gargoyles (D:12)
  A yaktaur (shapeshifter) (D:12)
  A komodo dragon (D:10)
  3 trolls
  A hornet (D:9)
  Prince Ribbit (D:6)
  Sigmund (D:2)
  4 wraiths
  A wyvern (D:8)
  A vampire (D:12)
  A steam dragon (D:8)
  Eustachio (D:6)
  7 vampire mosquitoes
  An acid dragon (D:11)
  3 water moccasins
  A sky beast (D:6)
  A black bear (D:4)
  8 orc warriors
  3 ice beasts
  2 wolves (D:9)
  5 centaurs
  3 lemures (D:4)
  3 phantoms
  3 kobold brigands
  4 scorpions (D:6)
  8 bullfrogs
  5 wights
  9 killer bees
  6 howler monkeys
  A crimson imp (D:11)
  4 centaur zombies (Ossuary)
  A gnoll bouda (D:7)
  2 human zombies (Ossuary)
  7 orc priests
  2 sleepcaps
  Ijyb (D:3)
  12 orc wizards
  2 iguanas
  3 mummies
  15 gnolls
  9 adders
  2 shadow imps
  3 white imps
  2 ufetubi
  An adder zombie (Ossuary)
  3 worms
  2 dart slugs
  28 orcs
  2 bats
  11 endoplasms
  4 giant cockroaches
  11 goblins
  6 hobgoblins
  A quokka (D:1)
  8 ball pythons
  4 frilled lizards
  A goblin zombie (Ossuary)
  11 hobgoblin zombies (Ossuary)
  2 jackal zombies (Ossuary)
  13 kobolds
  7 kobold zombies (Ossuary)
  8 orc zombies (Ossuary)
  7 rats
  A rat zombie (Ossuary)
307 creatures vanquished.

Vanquished Creatures (collateral kills)
  A skeletal warrior (D:12)
1 creature vanquished.

Grand Total: 308 creatures vanquished

Notes
Turn   | Place    | Note
-------+----------+-------------------------------------------
     0 | D:1      | Wiggles the Minotaur Berserker began the quest for the Orb.
     0 | D:1      | Reached XP level 1. HP: 19/19 MP: 0/0
   199 | D:1      | Reached XP level 2. HP: 22/27 MP: 1/1
   239 | D:1      | Reached skill level 4 in Axes
   311 | D:1      | Found Meffast's Distillery.
   695 | D:2      | Reached XP level 3. HP: 27/33 MP: 2/2
   695 | D:2      | Reached ** piety under Trog
   814 | D:2      | Found a faded altar of an unknown god.
   955 | D:2      | Reached XP level 4. HP: 41/41 MP: 3/3
   996 | D:2      | Noticed Sigmund
  1022 | D:2      | Killed Sigmund
  1023 | D:2      | Reached skill level 5 in Fighting
  1023 | D:2      | Reached skill level 6 in Axes
  1023 | D:2      | Reached XP level 5. HP: 48/48 MP: 4/4
  1270 | D:3      | Reached XP level 6. HP: 49/56 MP: 5/5
  1445 | D:3      | Noticed Ijyb
  1455 | D:3      | Killed Ijyb
  1993 | D:4      | Found a glowing golden altar of the Shining One.
  2217 | D:4      | Reached skill level 7 in Axes
  2406 | D:4      | Reached *** piety under Trog
  2445 | D:4      | Noticed Pikel
  2455 | D:4      | Reached XP level 7. HP: 61/61 MP: 6/6
  2461 | D:4      | Killed Pikel
  2462 | D:4      | Reached skill level 8 in Axes
  2579 | D:4      | Reached XP level 8. HP: 70/70 MP: 7/7
  2971 | D:5      | Entered Level 5 of the Dungeon
  2993 | D:5      | Found a snail-covered altar of Cheibriados.
  3232 | D:5      | Found a radiant altar of Vehumet.
  3381 | D:5      | Found a staircase to the Ecumenical Temple.
  3416 | D:5      | Found a shadowy altar of Dithmenos.
  3583 | D:6      | Found a white marble altar of Elyvilon.
  3657 | D:6      | Found a sand-covered staircase.
  3734 | Ossuary  | Entered an ossuary
  3893 | Ossuary  | Reached skill level 9 in Axes
  3904 | Ossuary  | Reached **** piety under Trog
  4086 | D:6      | Found a stormy altar of Qazlal.
  4262 | D:6      | Noticed Prince Ribbit
  4282 | D:6      | Killed Prince Ribbit
  4283 | D:6      | Reached XP level 9. HP: 56/79 MP: 8/8
  4390 | D:6      | Reached skill level 10 in Axes
  4460 | D:6      | Noticed a troll
  4474 | D:6      | Killed a troll
  4599 | D:6      | Found a broken altar of Ashenzari.
  4671 | D:6      | Noticed Eustachio
  4692 | D:6      | Killed Eustachio
  4693 | D:6      | Reached skill level 11 in Axes
  5147 | D:7      | Found Ruthaot's Assorted Antiques.
  5156 | D:7      | Bought a peridot ring for 140 gold pieces
  5425 | D:7      | Reached skill level 12 in Axes
  5587 | D:7      | Reached ***** piety under Trog
  6064 | D:8      | Identified the +6 quarterstaff of the Lurker {antimagic,
                  | rPois}
  6127 | D:8      | Noticed a salamander
  6128 | D:8      | Reached skill level 1 in Stealth
  6128 | D:8      | Reached XP level 10. HP: 74/90 MP: 9/9
  6133 | D:8      | Killed a salamander
  6187 | D:8      | Noticed a boulder beetle
  6195 | D:8      | Killed a boulder beetle
  6196 | D:8      | Reached skill level 13 in Axes
  7006 | D:8      | Found a sacrificial altar of Ru.
  7028 | D:9      | Noticed a two-headed ogre
  7032 | D:9      | HP: 6/136 [two-headed ogre/+0 giant club (21)]
  7034 | D:9      | Killed a two-headed ogre
  7168 | D:9      | Reached skill level 14 in Axes
  7331 | D:9      | Reached skill level 10 in Fighting
  7334 | D:9      | Found a staircase to the Lair.
  7483 | D:9      | Received a gift from Trog
  7550 | D:9      | Found a sparkling altar of Nemelex Xobeh.
  7550 | D:9      | Found a transporter.
  7557 | D:9      | Noticed Harold
  7564 | D:9      | Killed Harold
  7565 | D:9      | Reached XP level 11. HP: 100/100 MP: 10/10
  7680 | D:9      | Paralysed by a hornet for 1 turns
  7756 | D:9      | Noticed Amaemon
  7778 | D:9      | Killed Amaemon
  7779 | D:9      | Reached skill level 10 in Armour
  7865 | D:9      | Noticed Joseph
  7871 | D:9      | Killed Joseph
  7872 | D:9      | Reached skill level 15 in Axes
  8183 | D:10     | Entered Level 10 of the Dungeon
  8257 | D:10     | Found a hide-covered altar of Uskayaw.
  8257 | D:10     | Found an iron altar of Okawaru.
  8262 | D:10     | Found a burning altar of Makhleb.
  8485 | D:10     | You fall into a shaft and drop 3 floors!
  8490 | D:13     | Noticed a rakshasa
  8520 | D:12     | Noticed a deep elf pyromancer
  8537 | D:12     | Killed a deep elf pyromancer
  8549 | D:12     | Reached skill level 5 in Dodging
  8638 | D:12     | Noticed a skeletal warrior
  8655 | D:12     | Noticed a skeletal warrior
  8668 | D:12     | Killed a skeletal warrior
  8672 | D:12     | Killed a skeletal warrior
  8738 | D:11     | Found a staircase to the Orcish Mines.
  8764 | D:11     | Reached skill level 16 in Axes
  9324 | D:11     | Noticed Erolcha
  9345 | D:11     | Killed Erolcha
  9508 | D:11     | Noticed a two-headed ogre
  9516 | D:11     | Killed a two-headed ogre
  9782 | D:11     | Reached XP level 12. HP: 98/110 MP: 11/11
 10308 | D:12     | Found Unecay's Weapon Shop.
 10613 | D:13     | Reached skill level 17 in Axes
 10622 | D:13     | Noticed a centaur warrior
 10629 | D:13     | Killed a centaur warrior
 10635 | D:13     | HP: 1/112 [fire crab (shapeshifter) (14)]
 10637 | D:13     | Engulfed by a fire crab (shapeshifter)'s flame

Illustrated notes

Levels and vault maps discovered:
D:1:      dpeg_arrival_windows_large_door, layout_loops_ring, serial_shops,
          nicolae_shop_industrial_runoff, hangedman_decor_growths,
          minmay_3d_cube
D:2:      layout_rooms, ebering_ecumenical_altar_abandoned, uniq_sigmund
D:3:      layout_rooms, dk_vineyard_2, kennysheep_generic_room_12, uniq_ijyb
D:4:      layout_loops_ring, nicolae_overflow_crystal_walls, uniq_pikel
D:5:      layout_rooms, lemuel_tele_altar, mainiacjoe_overflow_chevrons,
          general_overflow_altar, minmay_temple_entry_trees
D:6:      minmay_recursive_quarters, layout_rooms,
          mainiacjoe_overflow_small_starburst, nicolae_qazlal_beasts_of_the_sky,
          mainiacjoe_overflow_brackets, gup_ossuary_entry_pyramid,
          uniq_eustachio, uniq_prince_ribbit1
D:7:      layout_cave_pools, serial_glass, glass_columns_a, glass_columns_c,
          glass_columns_c, glass_columns_b, glass_columns_b, glass_columns_c,
          serial_shops, shop
D:8:      nzn_winding_woodlands_medium [nzn_winding_woodlands_5x5_perimeter,
          nzn_winding_woodlands_5x15_default, nzn_winding_woodlands_5x5_default,
          nzn_winding_woodlands_5x5_checkerboard,
          nzn_winding_woodlands_center_diamonds,
          nzn_winding_woodlands_5x5_open_star,
          nzn_winding_woodlands_5x5_closed_star,
          nzn_winding_woodlands_5x15_pathside_ponds,
          nzn_winding_woodlands_5x5_default], layout_loops_ring,
          nicolae_ru_path_of_blood
D:9:      layout_grid_maze, grunt_nemelex_the_gamble, hellmonk_lair_entry_icy,
          uniq_joseph, uniq_harold, uniq_amaemon
D:10:     layout_roguey, minitemple, enter_bailey_7
D:11:     layout_cave_pods, minmay_orc_entry_temple_small,
          minmay_fire_ice_demons, uniq_erolcha
D:12:     layout_rooms, serial_shops, shop
D:13:     layout_rooms

Skill      XL: |  1  2  3  4  5  6  7  8  9 10 11 12 |
---------------+-------------------------------------+-----
Axes           | 4 6 7 8 9 12 14 16 17 | 17.1
Fighting       | 4 5 6 7 8 10 11 12 | 12.2
Armour         | 3 4 6 7 8 9 11 12 | 12.2
Dodging        | 3 4 5 |  5.3
Stealth        | 1 2 |  2.0
Shields        | |  0.2

Action                     |  1- 3 |  4- 6 |  7- 9 | 10-12 || total
---------------------------+-------+-------+-------+-------++-------
  Melee: Hand axe          |    80 |   145 |   221 |       ||   446
         Headbutt          |    11 |    21 |    64 |    58 ||   154
         Punch             |     1 |     1 |     1 |       ||     3
         Battleaxe         |       |       |   101 |   288 ||   389
 Invoke: Berserk           |     1 |     3 |     2 |    11 ||    17
         Brothers in Arms  |       |       |       |     1 ||     1
    Use: Scroll            |       |       |    19 |    17 ||    36
         Potion            |       |       |       |     1 ||     1
   Stab: Sleeping          |     1 |       |       |       ||     1
 Armour: Animal skin       |     3 |       |       |       ||     3
         Chain mail        |    34 |    64 |   135 |   136 ||   369
         Plate armour      |       |       |       |    47 ||    47
  Dodge: Dodged            |    38 |    59 |   150 |   166 ||   413
  Block: Other             |       |       |       |     3 ||     3
